PAAA
TORTOLITA DRUMMERS @ FLORIDA MEN
07/13/2024
 
TOP OF THE 1ST
Tortolita Drummers batting - Pitching for Florida Men : RHP Jorge Silva
Pitching: RHP Jorge Silva
Batting: LHB Nobuo Yamashita 0-0: SINGLE (Groundball, 4MD)
Batting: SHB Dan Godwin 0-0: Called Strike
0-1: Foul Ball, location: 2F
0-2: Ball
Wild Pitch!
Nobuo Yamashita to second
1-2: Foul Ball, location: 2F
1-2: Ball
2-2: Foul Ball, location: 2F
2-2: Strikes out swinging
Batting: LHB Pat McJannett 0-0: Ball
1-0: Fly out, F9 (Flyball, 89XD)
Runner from 2nd tags up, SAFE at 3rd, no throw
Batting: LHB Pedro Willis 0-0: Ball
1-0: Called Strike
1-1: Ball
2-1: Foul Ball, location: 2F
2-2: Foul Ball, location: 2F
2-2: Ball
3-2: Foul Ball, location: 2F
3-2: Base on Balls
Batting: RHB Kevin Sanderson 0-0: Ball
1-0: Called Strike
1-1: Fly out, F8 (Flyball, 8RM)
Top of the 1st over - 0 run(s), 1 hit(s), 0 error(s), 2 left on base; Tortolita 0 - Florida 0
BOTTOM OF THE 1ST
Florida Men batting - Pitching for Tortolita Drummers : RHP Eduardo Bravo
Pitching: RHP Eduardo Bravo
Batting: RHB Jim Unknown 0-0: Called Strike
0-1: Fly out, F3 (Line Drive, 3S)
Batting: LHB Bastyão Lizardo 0-0: DOUBLE (Flyball, 78D)
Batting: RHB Max Banham 0-0: Swinging Strike
0-1: Swinging Strike
0-2: Fly out, F7 (Flyball, 78M)
Batting: RHB Pat Ings 0-0: Fly out, F9 (Flyball, 89M)
Bottom of the 1st over - 0 run(s), 1 hit(s), 0 error(s), 1 left on base; Tortolita 0 - Florida 0
TOP OF THE 2ND
Tortolita Drummers batting - Pitching for Florida Men : RHP Jorge Silva
Batting: RHB Bill Taylor 0-0: Ground out 6-3 (Groundball, 6M)
Batting: SHB Juan Blanco 0-0: Ball
1-0: Foul Ball, location: 2F
1-1: Ball
2-1: Called Strike
2-2: Ball
3-2: Base on Balls
Batting: LHB Bill Burgess 0-0: Ball
1-0: SINGLE (Flyball, 7LM)
Juan Blanco to second
Batting: RHB Robby Thomas 0-0: Ball
1-0: Ball
2-0: DOUBLE (Groundball, 5L)
Juan Blanco scores
Bill Burgess to third
Batting: LHB Nobuo Yamashita 0-0: Called Strike
0-1: Foul Ball, location: 2F
0-2: Ball
1-2: Foul Ball, location: 2F
1-2: Ball
2-2: Ball
3-2: Strikes out swinging
Batting: SHB Dan Godwin 0-0: SINGLE (Line Drive, 89S)
Bill Burgess scores
Robby Thomas to third
Runner from 3rd tries for Home, SAFE, throw made home
Batting: LHB Pat McJannett 0-0: Called Strike
Dan Godwin steals 2nd base
0-1: Ball
1-1: Ball
2-1: Foul Ball, location: 2F
2-2: Foul Ball, location: 2F
2-2: Ball
3-2: Strikes out swinging
Top of the 2nd over - 3 run(s), 3 hit(s), 0 error(s), 1 left on base; Tortolita 3 - Florida 0
BOTTOM OF THE 2ND
Florida Men batting - Pitching for Tortolita Drummers : RHP Eduardo Bravo
Batting: RHB Gilberto Patino 0-0: Ground out 5-3 (Groundball, 56)
Batting: RHB Barry Martínez 0-0: Ball
1-0: Foul Ball, location: 2F
1-1: Called Strike
1-2: Strikes out swinging
Batting: RHB Jim Unknown 0-0: Swinging Strike
0-1: Ball
1-1: Ball
2-1: Foul Ball, location: 2F
2-2: Ball
3-2: Strikes out swinging
Bottom of the 2nd over - 0 run(s), 0 hit(s), 0 error(s), 0 left on base; Tortolita 3 - Florida 0
TOP OF THE 3RD
Tortolita Drummers batting - Pitching for Florida Men : RHP Jorge Silva
Batting: LHB Pedro Willis 0-0: Swinging Strike
0-1: Ball
1-1: Foul Ball, location: 2F
1-2: SINGLE (Groundball, 34D)
Batting: RHB Kevin Sanderson 0-0: Ball
1-0: Called Strike
1-1: Ball
2-1: Ball
3-1: Base on Balls
Pedro Willis to second
Batting: RHB Bill Taylor 0-0: Ball
1-0: Called Strike
1-1: Called Strike
1-2: Ball
2-2: Ball
3-2: SINGLE (Groundball, 6MD)
Pedro Willis to third
Kevin Sanderson to second
Runner from 3rd tries for Home, SAFE, throw made at trailing runner, SAFE at third!
Batting: SHB Juan Blanco 0-0: Called Strike
0-1: Foul Ball, location: 2F
0-2: Foul Ball, location: 2F
0-2: Ball
1-2: Ball
2-2: Foul Ball, location: 2F
2-2: Ball
3-2: Reached on error, E5 (Groundball, 5S)
Kevin Sanderson scores
Bill Taylor to second
Batting: LHB Bill Burgess 0-0: Fly out, F8 (Flyball, 8LM)
Batting: RHB Robby Thomas 0-0: Grounds into double play, 6-4-3 (Groundball, 6)
Top of the 3rd over - 2 run(s), 2 hit(s), 1 error(s), 1 left on base; Tortolita 5 - Florida 0
BOTTOM OF THE 3RD
Florida Men batting - Pitching for Tortolita Drummers : RHP Eduardo Bravo
Batting: LHB Jim Unknown 0-0: Ball
1-0: Foul Ball, location: 2F
1-1: Ball
2-1: Fly out, F7 (Flyball, 7M)
Batting: RHB Aaron Phillips 0-0: Ball
1-0: Fly out, F3 (Popup, 3F)
Batting: RHB Jim Unknown 0-0: Called Strike
0-1: Ball
1-1: Ball
2-1: Foul Ball, location: 2F
2-2: Ground out 6-3 (Groundball, 6)
Bottom of the 3rd over - 0 run(s), 0 hit(s), 0 error(s), 0 left on base; Tortolita 5 - Florida 0
TOP OF THE 4TH
Tortolita Drummers batting - Pitching for Florida Men : RHP Jorge Silva
Batting: LHB Nobuo Yamashita 0-0: Swinging Strike
0-1: Swinging Strike
0-2: Reached on error, E6 (Groundball, 6)
Batting: SHB Dan Godwin 0-0: Ground out 6-3 (Groundball, 6)
Nobuo Yamashita to third
Batting: LHB Pat McJannett 0-0: Foul Ball, location: 2F
0-1: Hit by Pitch
Batting: LHB Pedro Willis 0-0: Ball
1-0: Ball
2-0: Ball
3-0: Called Strike
3-1: Base on Balls
Pat McJannett to second
Batting: RHB Kevin Sanderson 0-0: Ball
1-0: Swinging Strike
1-1: Foul Ball, location: 2F
1-2: Ball
2-2: Foul Ball, location: 2F
2-2: Ball
3-2: Base on Balls
Nobuo Yamashita scores
Pat McJannett to third
Pedro Willis to second
Batting: RHB Bill Taylor 0-0: Ball
1-0: Swinging Strike
1-1: Swinging Strike
1-2: Ball
2-2: Foul Ball, location: 2F
2-2: Strikes out swinging
Batting: SHB Juan Blanco 0-0: DOUBLE (Flyball, 9D)
Pat McJannett scores
Pedro Willis scores
Kevin Sanderson to third
Pitching: LHP José Ybarra
Batting: LHB Bill Burgess 0-0: Swinging Strike
0-1: Ground out 4-3 (Groundball, 34)
Top of the 4th over - 3 run(s), 1 hit(s), 1 error(s), 2 left on base; Tortolita 8 - Florida 0
BOTTOM OF THE 4TH
Florida Men batting - Pitching for Tortolita Drummers : RHP Eduardo Bravo
Batting: LHB Bastyão Lizardo 0-0: Called Strike
0-1: Foul Ball, location: 2F
0-2: Ball
1-2: Ball
2-2: Fly out, F8 (Flyball, 8RD)
Batting: RHB Max Banham 0-0: Ball
1-0: Foul Ball, location: 2F
1-1: Called Strike
1-2: Ball
2-2: Foul Ball, location: 2F
2-2: Foul Ball, location: 2F
2-2: Ball
3-2: Foul Ball, location: 2F
3-2: SINGLE (Groundball, 34D)
Batting: RHB Pat Ings 0-0: Ball
1-0: Called Strike
1-1: Ground out 5-3 (Groundball, 5S)
Max Banham to second
Batting: RHB Gilberto Patino 0-0: Ball
1-0: Ball
2-0: Ball
3-0: Foul Ball, location: 2F
3-1: Foul Ball, location: 2F
3-2: Fly out, F9 (Flyball, 89D)
Bottom of the 4th over - 0 run(s), 1 hit(s), 0 error(s), 1 left on base; Tortolita 8 - Florida 0
TOP OF THE 5TH
Tortolita Drummers batting - Pitching for Florida Men : LHP José Ybarra
Batting: RHB Robby Thomas 0-0: Ground out 6-3 (Groundball, 6)
Batting: LHB Nobuo Yamashita 0-0: Ground out 2-3 (Groundball, 23)
Batting: SHB Dan Godwin 0-0: Ball
1-0: Swinging Strike
1-1: Ball
2-1: Ball
3-1: Swinging Strike
3-2: Base on Balls
Batting: LHB Pat McJannett 0-0: Ball
1-0: Ball
2-0: Swinging Strike
2-1: DOUBLE (Line Drive, 89D)
Dan Godwin to third
Runner from 3rd tries for Home, SAFE, no throw or cutoff
Batting: LHB Pedro Willis 0-0: SINGLE (Groundball, 2R) (infield hit)
Pat McJannett to third
Batting: RHB Kevin Sanderson 0-0: Ball
1-0: Fly out, F8 (Flyball, 8LM)
Top of the 5th over - 1 run(s), 2 hit(s), 0 error(s), 2 left on base; Tortolita 9 - Florida 0
BOTTOM OF THE 5TH
Florida Men batting - Pitching for Tortolita Drummers : RHP Eduardo Bravo
Batting: RHB Barry Martínez 0-0: Swinging Strike
0-1: Ball
1-1: Called Strike
1-2: Ball
2-2: Ball
3-2: Ground out 6-3 (Groundball, 6)
Batting: RHB Jim Unknown 0-0: Called Strike
0-1: Ball
1-1: Ball
2-1: SINGLE (Flyball, 8LM)
Batting: LHB Jim Unknown 0-0: Swinging Strike
0-1: Fly out, F8 (Line Drive, 78M)
Batting: RHB Aaron Phillips 0-0: Ball
1-0: Fly out, F7 (Flyball, 7LM)
Bottom of the 5th over - 0 run(s), 1 hit(s), 0 error(s), 1 left on base; Tortolita 9 - Florida 0
TOP OF THE 6TH
Tortolita Drummers batting - Pitching for Florida Men : LHP José Ybarra
Batting: RHB Bill Taylor 0-0: Ball
1-0: Ball
2-0: Swinging Strike
2-1: Foul Ball, location: 2F
2-2: Ground out 5-3 (Groundball, 5)
Batting: SHB Juan Blanco 0-0: Swinging Strike
0-1: Called Strike
0-2: Foul Ball, location: 2F
0-2: Hit by Pitch
Batting: LHB Bill Burgess 0-0: Called Strike
0-1: Swinging Strike
0-2: Ground out 3-1 (Groundball, 34)
Juan Blanco to second
Batting: RHB Robby Thomas 0-0: Ground out 1-3 (Groundball, 13S)
Top of the 6th over - 0 run(s), 0 hit(s), 0 error(s), 1 left on base; Tortolita 9 - Florida 0
BOTTOM OF THE 6TH
Florida Men batting - Pitching for Tortolita Drummers : RHP Eduardo Bravo
Batting: RHB Jim Unknown 0-0: Ball
1-0: Ball
2-0: Ground out 3-1 (Groundball, 34)
Batting: LHB Bastyão Lizardo 0-0: Called Strike
0-1: Ball
1-1: Swinging Strike
1-2: Strikes out swinging
Batting: RHB Max Banham 0-0: Ball
1-0: Foul Ball, location: 2F
1-1: Swinging Strike
1-2: Foul Ball, location: 2F
1-2: SINGLE (Line Drive, 4MD)
Pitching: LHP Ricardo Ávila
Batting: RHB Pat Ings 0-0: Ball
1-0: Swinging Strike
1-1: Reached on error, E4 (Groundball, 4)
Max Banham to second
Batting: RHB Gilberto Patino 0-0: Called Strike
0-1: Swinging Strike
0-2: Foul Ball, location: 2F
0-2: Foul Ball, location: 2F
0-2: Ball
1-2: Ball
2-2: Foul Ball, location: 2F
2-2: Ball
3-2: Strikes out swinging
Bottom of the 6th over - 0 run(s), 1 hit(s), 1 error(s), 2 left on base; Tortolita 9 - Florida 0
TOP OF THE 7TH
Tortolita Drummers batting - Pitching for Florida Men : LHP José Ybarra
Batting: LHB Nobuo Yamashita 0-0: Ball
1-0: Called Strike
1-1: Ball
2-1: Ball
3-1: Reached on error, E4 (Groundball, 4)
Batting: SHB Dan Godwin 0-0: Ball
1-0: Ground out 1-3 (Groundball, 13S)
Nobuo Yamashita to third
Batting: LHB Pat McJannett 0-0: Foul Ball, location: 2F
0-1: Ball
1-1: Fly out, F6 (Popup, 56D)
Batting: LHB Pedro Willis 0-0: Foul Ball, location: 2F
0-1: Foul Ball, location: 2F
0-2: Ball
1-2: Strikes out swinging
Top of the 7th over - 0 run(s), 0 hit(s), 1 error(s), 1 left on base; Tortolita 9 - Florida 0
BOTTOM OF THE 7TH
Florida Men batting - Pitching for Tortolita Drummers : LHP Ricardo Ávila
Batting: RHB Barry Martínez 0-0: Foul Ball, location: 2F
0-1: Ball
1-1: Called Strike
1-2: Strikes out swinging
Batting: RHB Jim Unknown 0-0: Called Strike
0-1: Foul Ball, location: 2F
0-2: Ground out 4-3 (Groundball, 4S)
Batting: LHB Jim Unknown 0-0: Ground out U3 (Groundball, 3S)
Bottom of the 7th over - 0 run(s), 0 hit(s), 0 error(s), 0 left on base; Tortolita 9 - Florida 0
TOP OF THE 8TH
Tortolita Drummers batting - Pitching for Florida Men : LHP José Ybarra
Batting: RHB Kevin Sanderson 0-0: Called Strike
0-1: Ball
1-1: Ball
2-1: Ball
3-1: Foul Ball, location: 2F
3-2: Foul Ball, location: 2F
3-2: SINGLE (Groundball, 6) (infield hit)
Batting: RHB Bill Taylor 0-0: Sac Bunt - play at first, batter OUT! 1-4
Kevin Sanderson to second
Batting: SHB Juan Blanco 0-0: Ball
1-0: SINGLE (Groundball, 6M)
Kevin Sanderson to third
Batting: LHB Bill Burgess 0-0: Ball
1-0: Called Strike
Juan Blanco steals 2nd base
1-1: Fly out, F7 (Flyball, 7D)
Runner from 3rd tags up, SCORES, no throw
Juan Blanco to third
Batting: RHB Robby Thomas 0-0: Ball
Steal of home, Juan Blanco is out
Top of the 8th over - 1 run(s), 2 hit(s), 0 error(s), 0 left on base; Tortolita 10 - Florida 0
BOTTOM OF THE 8TH
Florida Men batting - Pitching for Tortolita Drummers : LHP Ricardo Ávila
Now at SS: Gonzalo Féliz
Batting: RHB Aaron Phillips 0-0: SINGLE (Groundball, 34D)
Batting: RHB Jim Unknown 0-0: Called Strike
0-1: Fly out, F8 (Flyball, 8RM)
Batting: LHB Bastyão Lizardo 0-0: Ball
1-0: Called Strike
1-1: Grounds into double play, 3-6-3 (Groundball, 34)
Bottom of the 8th over - 0 run(s), 1 hit(s), 0 error(s), 0 left on base; Tortolita 10 - Florida 0
TOP OF THE 9TH
Tortolita Drummers batting - Pitching for Florida Men : LHP José Ybarra
Pitching: LHP Jim Unknown
Batting: RHB Robby Thomas 0-0: Called Strike
0-1: Swinging Strike
0-2: Ball
1-2: Ground out 1-3 (Groundball, 13S)
Batting: LHB Nobuo Yamashita 0-0: Called Strike
0-1: Ball
1-1: Swinging Strike
1-2: Strikes out swinging
Batting: SHB Dan Godwin 0-0: Called Strike
0-1: Ball
1-1: Fly out, F9 (Flyball, 89S)
Top of the 9th over - 0 run(s), 0 hit(s), 0 error(s), 0 left on base; Tortolita 10 - Florida 0
BOTTOM OF THE 9TH
Florida Men batting - Pitching for Tortolita Drummers : LHP Ricardo Ávila
Now at C: Raúl Andrade
Now at 3B: Jorge Féliz
Now in CF: Mauro López
Batting: RHB Max Banham 0-0: Ball
1-0: Swinging Strike
1-1: Foul Ball, location: 2F
1-2: DOUBLE (Line Drive, 89M)
Batting: RHB Pat Ings 0-0: Ball
1-0: Swinging Strike
1-1: Ground out 4-3 (Groundball, 4)
Max Banham to third
Batting: RHB Gilberto Patino 0-0: Called Strike
0-1: Foul Ball, location: 2F
0-2: Ball
1-2: Strikes out swinging
Batting: RHB Barry Martínez 0-0: Swinging Strike
0-1: Ball
1-1: Ball
2-1: Swinging Strike
2-2: Foul Ball, location: 2F
2-2: Ball
3-2: Strikes out looking
Bottom of the 9th over - 0 run(s), 1 hit(s), 0 error(s), 1 left on base; Tortolita 10 - Florida 0
This league is powered by Out of the Park Baseball, the baseball management simulation game for PC, Mac and Linux
Monday, October 3rd, 2016 - OOTP Baseball 16.9 Build 39